 Dungeon Crawl Stone Soup version 0.24.0-1-gfbc8707122 (webtiles) character file.

Game seed: 5923161881709944547, levelgen mode: deterministic

6596 lepoulpe303 the Ruffian (level 10, -22/104 HPs)
             Began as a Troll Hunter on Oct 25, 2019.
             Was a Priest of Makhleb.
             Annihilated by an orc knight
             ... wielding a +0 war axe
              (40 damage)
             ... in a bailey on Oct 26, 2019.
             The game lasted 00:33:48 (9240 turns).

lepoulpe303 the Ruffian (Troll Hunter)              Turns: 9240, Time: 00:33:49

Health: -22/104    AC:  7    Str: 27    XL:     10   Next: 71%
Magic:  12/12      EV: 12    Int: 12    God:    Makhleb [***...]
Gold:   557        SH:  3    Dex: 11    Spells: 9/9 levels left

rFire    . . .     SeeInvis .     - Unarmed
rCold    . . .     Gourm    +   (no shield)
rNeg     . . .     Faith    .   b - +0 robe
rPois    .         Spirit   .   (helmet restricted)
rElec    .         Reflect  +   a - +0 cloak
rCorr    .         Harm     .   (gloves unavailable)
MR       .....                  (boots unavailable)
Stlth    +.........             c - +3 amulet of reflection
HPRegen  0.67/turn              f - +3 ring of strength
MPRegen  0.13/turn              s - +5 ring of intelligence

@: no status effects
A: large, unfitting armour, claws 3, fast metabolism 3, gourmand, regeneration
1, shaggy fur 1, tough skin 3
a: Minor Destruction, Lesser Servant of Makhleb, Renounce Religion


You were in a bailey.
You worshipped Makhleb.
Makhleb was most pleased with you.
You were very full.

You visited 2 branches of the dungeon, and saw 11 of its levels.
You also visited: Sewer and Bailey.

You collected 557 gold pieces.

Inventory:

Missiles
 d - 2 throwing nets {=f}
 Q - 99 stones (quivered)
Armour
 a - a +0 cloak (worn)
 b - a +0 robe (worn)
Jewellery
 c - a +3 amulet of reflection (around neck)
 f - a +3 ring of strength (left claw)
 s - a +5 ring of intelligence (right claw)
 D - an uncursed ring of ice {unknown}
 G - an uncursed ring of protection from cold
 I - an uncursed ring of protection from cold
Wands
 y - a wand of clouds (7)
 C - a wand of flame (29)
 E - a wand of acid (21)
 H - a wand of iceblast (14)
 J - a wand of scattershot (7)
Scrolls
 g - 2 scrolls of fear
 h - 8 scrolls of amnesia {unknown}
 i - 9 scrolls of identify
 j - a scroll of immolation {unknown}
 n - 4 scrolls of noise {!r}
 p - 2 scrolls of enchant weapon
 r - a scroll of enchant armour {unknown}
 t - a scroll of fog {unknown}
 u - a scroll of magic mapping {!r}
 w - 6 scrolls of remove curse
 x - 8 scrolls of teleportation {unknown}
 B - 3 scrolls of blinking {!r}
 F - a scroll of silence {unknown}
Potions
 k - a potion of haste {unknown}
 l - 2 potions of magic {unknown}
 m - 4 potions of invisibility {unknown}
 o - 5 potions of flight
 q - a potion of curing
 v - 2 potions of brilliance
 z - 3 potions of cancellation {unknown}
 A - a potion of resistance {unknown}
Comestibles
 e - 18 rations


   Skills:
 * Level 7.6 Fighting
   Level 3.2 Short Blades
 + Level 6.8 Throwing
 + Level 5.4 Dodging
 - Level 0.3 Stealth
 * Level 7.9 Unarmed Combat
 + Level 4.3 Invocations
 + Level 1.5 Evocations


You had 9 spell levels left.
You didn't know any spells.
Your spell library contained the following spells:

 Spells                   Type           Power        Failure   Level  Hunger
 Freeze                   Ice            #...         32%         1    ##.....
 Magic Dart               Conj           #...         32%         1    ##.....
 Blink                    Tloc           N/A          45%         2    ###....
 Call Imp                 Summ           #.......     45%         2    ###....
 Ensorcelled Hibernation  Hex/Ice        #.....       45%         2    ###....
 Slow                     Hex            #.......     45%         2    ###....
 Throw Frost              Conj/Ice       #.....       45%         2    ###....
 Conjure Flame            Conj/Fire      #.......     69%         3    ####...
 Mephitic Cloud           Conj/Pois/Air  #.......     69%         3    ####...
 Ozocubu's Armour         Chrm/Ice       #.......     69%         3    ####...
 Spectral Weapon          Hex/Chrm       #.......     69%         3    ####...
 Summon Ice Beast         Ice/Summ       #.......     97%         4    #####..
 Throw Icicle             Conj/Ice       #.......     97%         4    #####..
 Deflect Missiles         Chrm/Air       #.........   100%        6    #######


Dungeon Overview and Level Annotations

Branches:
Dungeon (10/15)            Temple (0/1) D:7            Lair (1/6) D:8
  Sewer (visited)          Bailey (1/1)
    Orc: D:9-12

Altars:
Ashenzari
Cheibriados
Dithmenos
Elyvilon
Fedhas
Makhleb
Qazlal
Ru
Sif Muna
Trog
Vehumet
Zin
The Shining One

Shops:
D:9 =

Annotations:
D:3 2 transporters


Innate Abilities, Weirdness & Mutations

You are too large for most types of armour.
You have claws for hands.
Your metabolism is lightning-fast.
You like to eat raw meat.
Your natural rate of healing is unusually fast.
You are covered in fur. (AC +1)
You have extremely tough skin. (AC +3)


Message History

You take 53 damage, and have 11/102 hp.
MASSIVE DAMAGE!!
The orc knight no longer looks unusually strong.
The orc knight roars a battlecry!
The orc knight goes into a battle-frenzy!
The orc knight is engulfed in freezing vapours.
The orc knight roars a battlecry!
The orc knight goes into a battle-frenzy!
The orc knight is engulfed in freezing vapours.
The orc knight grunts loudly, as Orcs often do.
Aim: an orc knight, wielding a +0 war axe and wearing a +0 chain mail (almost dead, unusually strong)
The mass of ice explodes!
The iceblast engulfs the orc knight!
You kill the orc knight!
Your life force feels restored.
The iceblast engulfs the orc knight.
Aim: an orc knight, wielding a +0 war axe and wearing a +0 ring mail (heavily wounded, unusually strong)
The bolt of acid hits the orc knight.
The orc knight is splashed with acid!
The acid corrodes the orc knight!
The orc knight hits you with a +0 war axe!!!
You die...

#...........#
##≈≈≈≈.g.≈≈≈≈##
≈≈≈≈≈≈...≈≈≈≈≈≈
≈≈≈≈≈≈)..≈≈≈≈≈≈
≈≈≈≈≈≈...≈≈≈≈≈≈
≈≈≈≈≈≈...≈≈≈≈≈≈
≈≈≈.........≈≈≈
####...o...####
#...@...#
#.......#
#...∩...#
#.......#
###...### #.∩.#
#####


You could see an orc knight and a goblin.

Levels and vault maps discovered:
D:1:      lemuel_arrival_funnel, layout_basic
D:2:      layout_loops_cross, first_ration, serial_forest,
          infiniplex_forest_lined_corner, infiniplex_forest_straight_3,
          infiniplex_forest_straight_4, infiniplex_forest_lined_1,
          infiniplex_forest_clump_small, infiniplex_forest_end_3,
          infiniplex_forest_corner_1, infiniplex_forest_clump_curved,
          infiniplex_forest_straight_4
D:3:      layout_loops_ring, gammafunk_temple_overflow_arena,
          portal_sewer_entry_f, uniq_crazy_yiuf_cottage
D:4:      layout_gridville
D:5:      layout_loops_ring, lemuel_doored_altar,
          nicolae_overflow_crystal_walls, kennysheep_little_box,
          amethyst_overflow_temple_binary
D:6:      layout_cave_pools, kennysheep_mini
D:7:      layout_loops_ring, lemuel_coloured_pillars_altar, fedhas_altar_2,
          minmay_temple_entry_glass, serial_glass, glass_columns_b,
          glass_columns_a, serial_park_tiny_1
D:8:      layout_rooms, fiery_altar_vehumet, lemuel_crystal_altar,
          due_lair_maze_entry_diamond
D:9:      layout_grid_maze, tso_oasis_becter, old_standard_altar, serial_shops,
          shop
D:10:     kennysheep_ambush_hall, layout_irregular_city, enter_bailey_3,
          hangedman_ranch [blue_anna_fruit_fields]
Lair:1:   layout_cave_shapes, gammafunk_lair_bear_cave, lemuel_fruit_tree,
          serial_bayou_shore_b, serial_bayou_shore_b, serial_bayou_shore_a,
          grunt_megastairs_5
Bailey:   bailey_axe_of_yendor_kennysheep, bailey

Notes
Turn   | Place    | Note
-------+----------+-------------------------------------------
     0 | D:1      | lepoulpe303 the Troll Hunter began the quest for the Orb.
     0 | D:1      | Reached XP level 1. HP: 19/19 MP: 0/0
     0 | D:1      | Upgraded the game from 0.24-b1-30-g840c9efd86 to
                  | 0.24.0-1-gfbc8707122
    20 | D:1      | Identified a +0 club
    70 | D:1      | Identified a cursed -2 club
    77 | D:1      | Reached XP level 2. HP: 28/28 MP: 1/1
   301 | D:1      | Identified a +0 dagger
   328 | D:1      | Reached skill level 2 in Fighting
   403 | D:1      | Identified a +0 short sword
   488 | D:2      | Identified a +0 dagger
   495 | D:2      | Identified a +0 dagger
   498 | D:2      | Reached skill level 1 in Short Blades
   596 | D:2      | Identified a +0 club
   608 | D:2      | Reached XP level 3. HP: 33/35 MP: 2/2
   620 | D:2      | Identified a +0 club
   643 | D:2      | Identified a +0 club
   773 | D:2      | Identified a +0 dagger
   840 | D:2      | Identified a +0 club
   995 | D:2      | Reached skill level 2 in Dodging
  1016 | D:2      | Reached XP level 4. HP: 39/44 MP: 3/3
  1797 | D:3      | Reached skill level 4 in Throwing
  1810 | D:3      | Identified 6 scrolls of identify
  1810 | D:3      | Identified a ring of protection from cold (You found it on
                  | level 1 of the Dungeon)
  1875 | D:3      | Found a glowing drain.
  1903 | Sewer    | Entered a sewer
  1904 | Sewer    | Identified 2 potions of curing
  1905 | Sewer    | Identified a potion of ambrosia
  1914 | Sewer    | Reached skill level 2 in Short Blades
  1999 | Sewer    | Noticed Purgy
  2012 | Sewer    | Identified 5 potions of flight
  2013 | Sewer    | Identified a potion of degeneration
  2014 | Sewer    | Identified a potion of agility
  2032 | Sewer    | Identified a potion of heal wounds
  2042 | Sewer    | Killed Purgy
  2042 | Sewer    | Reached skill level 3 in Fighting
  2042 | Sewer    | Reached XP level 5. HP: 50/53 MP: 4/4
  2164 | D:3      | Found a transporter.
  2167 | D:3      | Found a transporter.
  2175 | D:3      | Noticed a water moccasin
  2178 | D:3      | Found a shadowy altar of Dithmenos.
  2266 | D:3      | Identified a +0 club
  2302 | D:3      | Identified a +0 dagger
  2532 | D:3      | Found a runed translucent door.
  2533 | D:3      | Identified a +4 quarterstaff of chaos
  2533 | D:3      | Identified a +0 cloak
  2533 | D:3      | Noticed Crazy Yiuf
  2620 | D:3      | Identified an amulet of reflection (You found it on level 3
                  | of the Dungeon)
  2622 | D:3      | Identified 2 potions of brilliance
  2623 | D:3      | Identified 3 scrolls of fear
  2624 | D:3      | Identified 2 scrolls of remove curse
  2625 | D:3      | Identified a ring of strength (You found it on level 1 of
                  | the Dungeon)
  2626 | D:3      | Identified a ring of intelligence (You found it on level 3
                  | of the Dungeon)
  2633 | D:3      | HP: 12/53 [Crazy Yiuf/+4 quarterstaff of chaos (5)]
  2670 | D:4      | Identified a +0 club
  2735 | D:4      | Identified a +0 trident
  2737 | D:4      | Identified a +0 flail
  2737 | D:4      | Identified a +0 ring mail
  2742 | D:4      | Identified a +0 dagger
  2742 | D:4      | Identified a +0 robe
  2761 | D:4      | Reached XP level 6. HP: 50/61 MP: 5/5
  2796 | D:4      | Identified a +0 whip
  3061 | D:4      | Identified a +0 dagger
  3061 | D:4      | Identified a +0 robe
  3075 | D:4      | Identified a +0 scale mail
  3078 | D:4      | Reached skill level 3 in Short Blades
  3079 | D:4      | Identified a +0 mace
  3101 | D:4      | HP: 15/61 [poisoned by a worker ant]
  3103 | D:4      | HP: 4/61 [worker ant (6)]
  3423 | D:4      | Identified a +0 short sword
  3423 | D:4      | Identified a +0 hand axe
  3423 | D:4      | Identified a cursed +0 ring mail
  3423 | D:4      | Identified a +0 flail
  3520 | D:3      | Reached XP level 7. HP: 57/68 MP: 6/6
  3589 | D:4      | Reached skill level 4 in Fighting
  3589 | D:4      | Reached skill level 1 in Unarmed Combat
  3754 | D:5      | Entered Level 5 of the Dungeon
  3834 | D:5      | Found a white marble altar of Elyvilon.
  3862 | D:5      | HP: 17/70 [poisoned by a worker ant]
  3863 | D:5      | Reached skill level 3 in Dodging
  3865 | D:5      | HP: 8/70 [poisoned by a worker ant]
  3869 | D:5      | HP: 3/70 [poisoned by a worker ant]
  3871 | D:5      | HP: 1/70 [poisoned by a worker ant]
  3984 | D:5      | Identified a +0 mace
  3984 | D:5      | Identified a +0 dagger
  3984 | D:5      | Identified a +0 robe
  3992 | D:5      | Identified a +0 club
  3992 | D:5      | Identified a +0 leather armour
  3995 | D:5      | Identified a +0 leather armour
  4007 | D:5      | HP: 17/70 [orc priest/divine providence (15)]
  4132 | D:5      | Reached skill level 2 in Unarmed Combat
  4310 | D:5      | Found a glowing silver altar of Zin.
  4408 | D:5      | Identified a +0 shortbow
  4517 | D:5      | Found a sacrificial altar of Ru.
  4527 | D:5      | Found a shimmering blue altar of Sif Muna.
  4620 | D:5      | Reached skill level 5 in Throwing
  4620 | D:5      | Reached skill level 3 in Unarmed Combat
  4620 | D:5      | Reached XP level 8. HP: 62/79 MP: 7/7
  4797 | D:5      | Found a burning altar of Makhleb.
  4802 | D:5      | Became a worshipper of Makhleb the Destroyer
  4852 | D:3      | Killed Crazy Yiuf
  5086 | D:6      | Identified a +0 dagger
  5086 | D:6      | Identified a cursed +0 robe
  5087 | D:6      | Identified a +0 dagger
  5087 | D:6      | Identified a +0 robe
  5088 | D:6      | Identified a +0 morningstar
  5089 | D:6      | Identified a +0 dagger
  5089 | D:6      | Identified a +0 robe
  5123 | D:5      | Reached skill level 5 in Fighting
  5232 | D:6      | Identified a +0 short sword
  5233 | D:6      | Identified a +0 dagger
  5233 | D:6      | Identified a +0 robe
  5271 | D:6      | Reached skill level 1 in Invocations
  5387 | D:6      | Reached skill level 4 in Unarmed Combat
  5390 | D:6      | Identified a +0 mace
  5390 | D:6      | Identified a +0 whip
  5396 | D:6      | Identified a +0 ring mail
  5402 | D:6      | Identified a cursed +0 club
  5525 | D:6      | Found a stormy altar of Qazlal.
  5587 | D:7      | Identified a +0 shortbow
  5593 | D:7      | Identified a +0 war axe
  5593 | D:7      | Identified a +0 leather armour
  5596 | D:7      | Identified a +0 mace
  5596 | D:7      | Identified a +0 chain mail
  5599 | D:7      | Identified a +0 chain mail
  5600 | D:7      | Identified a +0 chain mail
  5617 | D:7      | HP: 9/80 [orc warrior/+0 mace (14)]
  5838 | D:7      | Found a staircase to the Ecumenical Temple.
  5934 | D:7      | Identified a +0 giant spiked club
  5941 | D:7      | Reached skill level 4 in Dodging
  5966 | D:7      | Identified a +0 mace
  5967 | D:7      | Identified a +0 battleaxe
  5967 | D:7      | Identified a +0 chain mail
  5974 | D:7      | Identified a +0 dagger
  5974 | D:7      | Identified a cursed +0 robe
  5977 | D:7      | Reached skill level 2 in Invocations
  6022 | D:7      | Reached * piety under Makhleb
  6087 | D:7      | Reached XP level 9. HP: 86/89 MP: 9/9
  6173 | D:7      | Reached skill level 5 in Unarmed Combat
  6242 | D:7      | Identified a +0 whip
  6386 | D:7      | Found a blossoming altar of Fedhas.
  6413 | D:7      | Found a bloodstained altar of Trog.
  6592 | D:8      | Identified a +0 short sword
  6598 | D:8      | Identified a +0 shortbow
  6605 | D:8      | Identified a +0 chain mail
  6608 | D:8      | Identified a +0 dagger
  6608 | D:8      | Identified a +0 robe
  6608 | D:8      | Identified a +0 ring mail
  6610 | D:8      | Identified a +0 mace
  6701 | D:8      | Identified a +0 short sword
  6701 | D:8      | Identified a +0 chain mail
  6717 | D:8      | Reached skill level 6 in Fighting
  6798 | D:8      | Identified a +0 dagger
  6801 | D:8      | Identified a +0 short sword
  6803 | D:8      | Identified a +0 short sword
  6805 | D:8      | Identified a cursed -2 whip
  6948 | D:8      | Found a radiant altar of Vehumet.
  6954 | D:8      | Identified a +4 dagger of freezing
  6954 | D:8      | Identified a +0 robe
  6954 | D:8      | Identified a cursed +4 mace
  6954 | D:8      | Identified a +0 robe
  6954 | D:8      | Identified a +2 mace
  6954 | D:8      | Identified a +0 robe
  7008 | D:8      | Identified a +0 flail
  7008 | D:8      | Identified a +0 robe
  7011 | D:8      | Identified a cursed +1 flail
  7011 | D:8      | Identified a +0 robe
  7012 | D:8      | Reached skill level 6 in Throwing
  7012 | D:8      | Reached skill level 6 in Unarmed Combat
  7018 | D:8      | Reached skill level 3 in Invocations
  7070 | D:8      | Found a staircase to the Lair.
  7084 | D:8      | Reached ** piety under Makhleb
  7229 | D:8      | Identified a +0 dagger
  7229 | D:8      | Identified a cursed -2 club
  7315 | D:8      | Identified a +0 shortbow
  7317 | D:8      | Reached XP level 10. HP: 100/100 MP: 11/11
  7419 | D:8      | Found a snail-covered altar of Cheibriados.
  7619 | Lair:1   | Entered Level 1 of the Lair of Beasts
  7701 | Lair:1   | Reached skill level 7 in Fighting
  7701 | Lair:1   | Reached skill level 5 in Dodging
  7741 | Lair:1   | Reached skill level 7 in Unarmed Combat
  8053 | D:9      | Found a shattered altar of Ashenzari.
  8068 | D:9      | Identified a +0 glaive
  8068 | D:9      | Identified a +0 plate armour
  8069 | D:9      | Identified a +0 mace
  8080 | D:9      | Identified a cursed -3 dagger
  8080 | D:9      | Identified a +0 robe
  8084 | D:9      | Identified a +0 mace
  8121 | D:9      | Identified a +0 club
  8125 | D:9      | Identified a +0 hand axe
  8125 | D:9      | Identified a +0 plate armour
  8125 | D:9      | Identified a +0 ring mail
  8176 | D:9      | Identified the Collected Works on the Frostbite and Boosts
  8318 | D:9      | Identified a +0 shortbow
  8365 | D:9      | Reached skill level 4 in Invocations
  8373 | D:9      | Reached skill level 1 in Evocations
  8515 | D:9      | Found a glowing golden altar of the Shining One.
  8653 | D:9      | Found Demil's Jewellery Shoppe.
  8697 | D:9      | Identified a +0 shortbow
  8831 | D:10     | Entered Level 10 of the Dungeon
  8879 | D:10     | Identified a +0 giant club
  8939 | D:10     | Noticed a green ugly thing
  8999 | D:10     | Identified a +0 great sword
  8999 | D:10     | Identified a +0 robe
  9002 | D:10     | Identified a +0 flail
  9002 | D:10     | Identified a cursed +0 robe
  9006 | D:10     | Identified a +3 war axe of freezing
  9006 | D:10     | Identified a +0 robe
  9006 | D:10     | Identified a +3 halberd
  9006 | D:10     | Identified a +0 robe
  9030 | D:10     | Identified a cursed +0 spear
  9030 | D:10     | Identified a +0 robe
  9060 | D:10     | Identified 4 scrolls of blinking
  9061 | D:10     | Identified 5 scrolls of noise
  9094 | D:10     | Identified 3 scrolls of enchant weapon
  9100 | D:10     | Identified 2 scrolls of magic mapping
  9109 | D:10     | Identified a +2 shortbow of velocity
  9139 | D:10     | Identified a +0 hand axe
  9139 | D:10     | Identified a +0 hand axe
  9139 | D:10     | Identified a +0 hand axe
  9140 | D:10     | Found a flagged portal.
  9141 | D:10     | Identified a +0 hand axe
  9150 | D:10     | Reached *** piety under Makhleb
  9157 | Bailey   | Entered a bailey
  9219 | Bailey   | Identified a +0 war axe
  9219 | Bailey   | Identified a +0 ring mail
  9219 | Bailey   | Noticed an orc knight
  9219 | Bailey   | Identified a +0 war axe
  9219 | Bailey   | Identified a +0 leather armour
  9219 | Bailey   | Identified a +0 war axe
  9219 | Bailey   | Identified a +0 chain mail
  9219 | Bailey   | Noticed an orc knight
  9219 | Bailey   | Identified a +0 war axe
  9219 | Bailey   | Identified a +0 leather armour
  9219 | Bailey   | Identified a +0 hand axe
  9219 | Bailey   | Identified a +0 leather armour
  9231 | Bailey   | HP: 11/102 [orc knight/+0 war axe (33)]
  9236 | Bailey   | Killed an orc knight
  9240 | Bailey   | Annihilated by an orc knight

Table legend:
 A = Turns spent in this place as a percentage of turns spent in the entire game.
 B = Non-inter-level travel turns spent in this place as a percentage of non-inter-level travel turns spent in the entire game.
 C = Inter-level travel turns spent in this place as a percentage of turns spent in this place.
 D = Turns resting spent in this place as a percentage of non-inter-level travel turns spent in this place.
 E = Turns spent auto-exploring this place as a percentage of non-inter-level travel turns spent in this place.
 F = Non-inter-level travel turns spent in this place divided by the number of levels of this place that you've seen.
                   A       B       C       D       E      F
               +-------+-------+-------+-------+-------+----------------------
         Total | 100.0 | 100.0 |   4.9 |  10.3 |  63.5 | 676.1
       Dungeon |  94.8 |  94.5 |   5.2 |  10.2 |  64.6 | 830.6
          Lair |   1.8 |   1.9 |   0.0 |   0.0 |  45.8 | 166.0
         Sewer |   2.5 |   2.7 |   0.0 |   3.4 |  57.7 | 234.0
        Bailey |   0.9 |   0.9 |   0.0 |  57.8 |   0.0 |  83.0
               +-------+-------+-------+-------+-------+----------------------

Table legend:
 A = Kills in this place as a percentage of kills in entire the game.
 B = Kills by you in this place as a percentage of kills by you in the entire game.
 C = Kills by friends in this place as a percentage of kills by friends in the entire game.
 D = Other kills in this place as a percentage of other kills in the entire game.
 E = Experience gained in this place as a percentage of experience gained in the entire game.
 F = Experience gained in this place divided by the number of levels of this place that you have seen.
                   A       B       C       D       E      F
               +-------+-------+-------+-------+-------+----------------------
         Total | 100.0 | 100.0 |   N/A |   N/A | 100.0 | 724.8
       Dungeon |  94.1 |  94.1 |   N/A |   N/A |  83.6 | 787.8
          Lair |   2.0 |   2.0 |   N/A |   N/A |   8.3 | 780.0
         Sewer |   2.8 |   2.8 |   N/A |   N/A |   1.8 | 168.0
        Bailey |   1.2 |   1.2 |   N/A |   N/A |   6.3 | 597.0
               +-------+-------+-------+-------+-------+----------------------

Skill      XL: |  1  2  3  4  5  6  7  8  9 10 |
---------------+-------------------------------+-----
Fighting       | 2 3 4 5 6 7 |  7.6
Short Blades   | 1 2 3 |  3.2
Dodging        | 2 3 4 5 |  5.4
Throwing       | 4 5 6 |  6.8
Unarmed Combat | 3 4 6 7 |  7.9
Invocations    | 2 3 4 |  4.3
Evocations     | 1 |  1.5
Stealth        | |  0.3

Action                   |  1- 3 |  4- 6 |  7- 9 | 10-12 || total
-------------------------+-------+-------+-------+-------++-------
Melee: Short sword       |   125 |   212 |       |       ||   337
       Unarmed           |       |    12 |   356 |   116 ||   484
       Punch             |       |       |     8 |     4 ||    12
Throw: Stone             |    99 |    80 |   176 |    90 ||   445
       Large rock        |     3 |    13 |       |       ||    16
       Javelin           |       |       |    51 |    11 ||    62
Evoke: Wand              |       |       |       |     3 ||     3
  Use: Potion            |       |     7 |     2 |       ||     9
       Scroll            |       |     8 |       |     4 ||    12
 Stab: Sleeping          |       |       |     1 |       ||     1
  Eat: Chunk             |    15 |    23 |    38 |    19 ||    95
Armor: Robe              |    54 |   100 |   103 |    15 ||   272
Dodge: Dodged            |    73 |   147 |   125 |    65 ||   410
Block: Other             |       |    11 |    32 |    12 ||    55
       Reflection        |       |       |     2 |     3 ||     5

Vanquished Creatures
  An orc knight (Bailey)
  A centaur skeleton (D:9)
  A blink frog (Lair:1)
  A basilisk (Lair:1)
  2 hungry ghosts (D:8)
  A water moccasin (D:8)
  Purgy (Sewer)
  4 porcupines
  2 ice beasts (D:8)
  5 orc warriors
  4 black bears
  2 sky beasts
  2 phantoms
  2 ogres
  7 centaurs
  2 crocodiles
  4 bullfrogs
  2 big kobolds (D:8)
  6 scorpions
  10 wights
  2 crimson imps
  A centaur zombie (D:5)
  2 bullfrog zombies
  Crazy Yiuf (D:3)
  2 jellies
  6 orc priests
  3 hounds
  2 bullfrog skeletons
  An iguana (D:9)
  10 orc wizards
  13 worker ants
  A hound skeleton (D:4)
  A worker ant zombie (D:5)
  A howler monkey skeleton (D:7)
  6 adders
  3 shadow imps
  An ooze (D:3)
  An adder skeleton (D:7)
  3 worms
  5 dart slugs
  5 leopard geckos
  35 orcs
  6 bats
  6 giant cockroaches
  10 goblins
  10 hobgoblins
  11 jackals
  17 kobolds
  4 quokkas
  3 ball pythons (Sewer)
  10 frilled lizards
  A jackal skeleton (D:7)
  2 leopard gecko skeletons
  8 rats
253 creatures vanquished.

Vanquished Creatures (others)
  A porcupine (D:8)
  An ogre (D:8)
  23 fungi (D:8)
25 creatures vanquished.

Grand Total: 278 creatures vanquished
